 Dungeon Crawl Stone Soup version 0.30-a0-1066-g63dfefce0d (webtiles) character file.

Game seed: 15871519485263522695

49 retardedninja the Trooper (level 3, -7/34 HPs)
             Began as a Naga Fighter on Apr 12, 2023.
             Splashed by a jelly's acid (8 damage)
             ... on level 3 of the Dungeon.
             The game lasted 00:01:31 (1532 turns).

retardedninja the Trooper (Naga Fighter)            Turns: 1532, Time: 00:01:31

Health: -7/34      AC: -11   Str: 20    XL:     3   Next: 75%
Magic:  3/3        EV:  7    Int:  8    God:
Gold:   124        SH:  4    Dex: 10    Spells: 2/2 levels left

rFire   . . .      SeeInvis +    a - +0 war axe
rCold   . . .      Faith    .    c - +0 buckler
rNeg    . . .      Spirit   .    b - +0 scale mail
rPois   +          Reflect  .    (no helmet)
rElec   .          Rampage  .    (no cloak)
rCorr   .                        (no gloves)
Will    .....                    (no barding) Stlth
                                 (no amulet)
HPRegen 0.25/turn                (no ring)
MPRegen 0.08/turn                (no ring)

@: corroded, very slow
A: AC +1, large, see invisible, deformed body, poison resistance, slowness 2,
spit poison 1, naga tail 1
a: Spit Poison


You were on level 3 of the Dungeon.
You visited 1 branch of the dungeon, and saw 3 of its levels.

You collected 124 gold pieces.

Inventory:

Hand Weapons
 a - a +0 war axe (weapon)
Armour
 b - a +0 scale mail (worn)
 c - a +0 buckler (worn)
Scrolls
 f - 3 scrolls of identify {unknown}
 h - a scroll of vulnerability {unknown}
 i - a scroll of enchant weapon {unknown}
 j - 2 scrolls of brand weapon {unknown}
 l - a scroll of teleportation {unknown}
 o - a scroll of blinking {unknown}
Potions
 d - 4 potions of might
 e - 2 potions of curing {unknown}
 g - 2 potions of haste {unknown}
 k - a potion of berserk rage {unknown}
 m - 2 potions of attraction {unknown}
 n - a potion of heal wounds {unknown}


   Skills:
 + Level 3.3 Fighting
 + Level 2.5 Axes
 + Level 2.8 Armour
 + Level 1.4 Stealth
 + Level 3.1 Shields


You had 2 spell levels left.
You didn't know any spells.
Your spell library contained the following spells:

 Spells                   Type           Power      Damage    Failure   Level
 Apportation              Tloc           0%         N/A       83%         1
 Static Discharge         Conj/Air       0%         2-2/arc   93%         2
 Sublimation of Blood     Necr           0%         N/A       93%         2
 Wereblood                Tmut           0%         N/A       93%         2
 Ozocubu's Armour         Ice            0%         N/A       99%         3
 Airstrike                Air            0%         2d(0-16)  100%        4
 Summon Lightning Spire   Summ/Air       0%         N/A       100%        4
 Alistair's Intoxication  Tmut/Pois      0%         N/A       100%        5
 Metabolic Englaciation   Hex/Ice        0%         N/A       100%        5
 Simulacrum               Ice/Necr       0%         N/A       100%        6
 Summon Hydra             Summ           0%         N/A       100%        7


Dungeon Overview and Level Annotations

Branches:
Dungeon (3/15)

Altars:


Innate Abilities, Weirdness & Mutations

Your serpentine skin is tough. (AC +1)
You have supernaturally acute eyesight. (SInv)
Armour fits poorly on your strangely shaped body.
Your system is resistant to poisons. (rPois)
You cover ground very slowly.
You can spit poison.
You have a snake-like lower body.


Message History

A kobold comes into view. It is wielding a +0 whip.
The kobold shouts!
A hobgoblin comes into view.
An endoplasm comes into view.
There are monsters nearby!
A jelly comes into view.
The endoplasm quivers.
You closely miss the kobold. The kobold barely misses you.
There are monsters nearby!
You barely miss the kobold. The kobold barely misses you.
The hobgoblin hits you. The kobold hits you with a +0 whip.
You closely miss the hobgoblin. You hit the kobold but do no damage.
The hobgoblin closely misses you. The kobold barely misses you.
You slash the hobgoblin!
You kill the hobgoblin!
You hit the kobold.
You kill the kobold!
You hit the endoplasm. The endoplasm closely misses you.
You slash the endoplasm!
You kill the endoplasm!
You barely miss the jelly. The jelly hits you. The acid corrodes you!
You are splashed with acid.
The jelly hits you. The acid corrodes you!
You are splashed with acid!
You are too injured to fight recklessly!
You are too injured to fight recklessly!
Unknown command.
You are too injured to fight recklessly!
You slash the jelly! The acid corrodes you!
Your hands burn!
The jelly is severely wounded.
The jelly barely misses you.
You hit the jelly but do no damage.
Your hands burn!
* * * LOW HITPOINT WARNING * * *
The jelly is severely wounded.
The jelly hits you.
* * * LOW HITPOINT WARNING * * *
The acid corrodes you!
You are splashed with acid.
* * * LOW HITPOINT WARNING * * *
The jelly hits you.
* * * LOW HITPOINT WARNING * * *
The acid corrodes you!
You are splashed with acid!
You die...

.... .... ..... .....
...... ###......
####.†......
###)..@J..#
########.........#
####.....#.>##.....##
...................#
##.........###.#.###
#.......(.# #...#
##.........# ...##
##.........#...##
##.........# ##


You could see a jelly.

Vanquished Creatures
  3 dart slugs
  7 bats
  4 endoplasms
  A giant cockroach (D:1)
  3 goblins
  4 hobgoblins
  5 kobolds
  A quokka (D:1)
  5 ball pythons
  5 rats
38 creatures vanquished.

Notes
Turn   | Place    | Note
-------+----------+-------------------------------------------
     0 | D:1      | retardedninja the Naga Fighter began the quest for the Orb.
     0 | D:1      | Reached XP level 1. HP: 21/21 MP: 1/1
    51 | D:1      | Reached XP level 2. HP: 5/28 MP: 2/2
   468 | D:1      | Found a faded altar of an unknown god.
   608 | D:1      | Reached XP level 3. HP: 29/34 MP: 3/3
   824 | D:2      | Reached skill level 1 in Stealth
  1532 | D:3      | HP: 1/34 [jelly (2)]
  1532 | D:3      | Splashed by a jelly's acid

Illustrated notes

Levels and vault maps discovered:
D:1:      psy_arrival_statuary, layout_rooms, shapermc_ecumenical_altar_pompeii,
          dreamdust_princess_bridge
D:2:      layout_loops_ring
D:3:      layout_rooms

Skill      XL: |  1  2  3 |
---------------+----------+-----
Shields        | 3 |  3.1
Stealth        | 1 |  1.4
Fighting       | |  3.3
Axes           | |  2.5
Armour         | |  2.8

Action                     || total
---------------------------++-------
  Melee: War axe           ||    94
 Armour: Scale mail        ||    51
  Dodge: Dodged            ||    50
  Block: Buckler           ||    28

Table legend: (Time is in decaauts)
 A = Elapsed time spent in this place.
 B = Non-inter-level travel time spent in this place.
 C = Inter-level travel time spent in this place.
 D = Time resting spent in this place.
 E = Time spent auto-exploring this place.
 F = Levels seen in this place.
 G = Mean time per level.
                   A        B        C        D        E       F      G
               +--------+--------+--------+--------+--------+-----+--------+
         Total |   1996 |   1917 |     79 |    216 |   1403 |   3 |  665.3 |
       Dungeon |   1996 |   1917 |     79 |    216 |   1403 |   3 |  665.3 |
               +--------+--------+--------+--------+--------+-----+--------+

Top non-repeatable levels by time:
     D:1: 1021 daAuts
     D:2: 917 daAuts
     D:3: 57 daAuts
